 Dungeon Crawl Stone Soup version 0.30-a0-1161-g0704695555 (webtiles) character file.

Game seed: 9001991847186843543

3305 sampeng1 the Chopper (level 10, -11/79 HPs)
             Began as a Human Berserker on Apr 21, 2023.
             Was a Priest of Trog.
             Killed from afar by an acid dragon (25 damage)
             ... with a splash of acid
             ... on level 8 of the Dungeon on Apr 28, 2023.
             The game lasted 00:41:16 (6315 turns).

sampeng1 the Chopper (Human Berserker)              Turns: 6315, Time: 00:41:17

Health: -11/79     AC: 12    Str: 21    XL:     10   Next: 21%
Magic:  10/10      EV:  8    Int:  9    God:    Trog [***...]
Gold:   304        SH:  0    Dex: 12    Spells: 9/9 levels left

rFire   + . .        e - +6 executioner's axe (vamp)
rCold   + . .        (shield currently unavailable)
rNeg    . . .        D - +0 plate armour
rPois   .            h - +0 helmet
rElec   .            E - scarf {rC+ rF+}
rCorr   .            j - +1 pair of gloves
SInv    .            (no boots)
Will    .....        (no amulet) Stlth
                     r - +4 ring of protection
HPRegen 0.33/turn    (no ring)
MPRegen 0.12/turn

%: no passive effects
@: corroded
A: no striking features
a: Renounce Religion, Berserk, Trog's Hand


You were on level 8 of the Dungeon.
You worshipped Trog.
Trog was most pleased with you.
You visited 1 branch of the dungeon, and saw 8 of its levels.

You collected 421 gold pieces.
You spent 117 gold pieces at shops.

Inventory:

Hand Weapons
 e - a +6 vampiric executioner's axe (weapon)
 l - a +2 war axe of electrocution
 F - the +1 mace "Maungoju" {freeze, rC- rN+++ MP+9 SInv}
   (You found it on level 8 of the Dungeon)

   rC:        It makes you vulnerable to cold.
   rN:        It renders you almost immune to negative energy.
   MP:        It affects your magic capacity (+9).
   SInv:      It lets you see invisible.
Missiles
 n - 6 boomerangs
 o - 6 atropa-tipped darts (quivered)
Armour
 h - a +0 helmet (worn)
 j - a +1 pair of gloves (worn)
 p - a +2 ring mail of cold resistance
 x - a +0 ring mail of willpower
 D - a +0 plate armour (worn)
 E - a scarf of resistance (worn)
Jewellery
 i - a ring of magical power
 r - a +4 ring of protection (left hand)
 y - an amulet of magic regeneration
Wands
 a - a wand of flame (40)
 k - a wand of charming (12)
 u - a wand of quicksilver (5)
 z - a wand of digging (8)
 A - a wand of polymorph (8)
 B - a wand of iceblast (11)
Scrolls
 g - a scroll of identify
 s - a scroll of magic mapping
 t - 5 scrolls of teleportation
 C - 2 scrolls of fear
Potions
 b - a potion of curing
 c - 3 potions of flight
 d - 3 potions of heal wounds
 f - 3 potions of brilliance
 m - a potion of haste
 q - a potion of attraction {unknown}
 v - a potion of resistance {unknown}
 w - 2 potions of magic {unknown}


   Skills:
 + Level 7.5 Fighting
 + Level 7.5 Axes
 + Level 7.1 Armour
 + Level 7.2 Dodging


You had 9 spell levels left.
You didn't know any spells.
Your spell library was empty.

Dungeon Overview and Level Annotations

Branches:
Dungeon (8/15)             Temple (0/1) D:4
   Lair: D:8-11

Altars:
Trog
Vehumet
Wu Jian
Yredelemnul
Zin
The Shining One

Shops:
D:1 (


Message History

The shadow imp barely misses you.
The howler monkey hoots and howls with incredible vigour!
You hear a shout!
You slice the shadow imp!!
You kill the shadow imp!
Trog accepts your kill.
A gnoll sergeant comes into view. It is wielding a +0 trident.
The acid dragon spits acid at you. The splash of acid hits you!!
The acid corrodes you!
You hear a shout!
You slash the acid dragon!
The acid dragon is heavily wounded.
The acid dragon spits acid at you. The splash of acid hits you!!
You closely miss the acid dragon.
The acid dragon is heavily wounded.
The acid dragon bites you! The acid dragon claws you.
* * * LOW HITPOINT WARNING * * *
The acid dragon spits acid at you. The splash of acid hits you!
* * * LOW HITPOINT WARNING * * *
The acid corrodes you!
A gnoll comes into view. It is wielding a +0 whip.
You feel better. The acid dragon completely misses you.
The acid dragon claws you.
* * * LOW HITPOINT WARNING * * *
You hit the acid dragon.
The acid dragon is severely wounded.
The acid dragon bites you but does no damage.
The acid dragon claws you.
* * * LOW HITPOINT WARNING * * *
You hit the acid dragon but do no damage.
The acid dragon is severely wounded.
The howler monkey hoots and howls with incredible vigour!
The acid dragon barely misses you.
The acid dragon claws you but does no damage.
The howler monkey hoots and howls with incredible vigour!
The acid dragon spits acid at you. The splash of acid hits you!!
You die...

#####+ #..... #.....
##..... ....... .......
######
.....gg#############....#
.....ghhD@##............
.....gg##..#.........#####
..##### ##.#.........#....
#.#.........'~~~~
#.###.......#....
#.###.#.....#####
#...#.#......# #
##....#.....#####
####..####.......##


You could see an acid dragon (catching breath), a gnoll sergeant, 2 howler
monkeys and 4 gnolls.

Vanquished Creatures
  The ghost of patfeehan111222 the Cleaver, a novice DsBe of Trog (D:8)
  Pikel (D:4)
  Sigmund (D:4)
  2 steam dragons
  A water moccasin (D:7)
  An orc warrior (D:8)
  2 ice beasts (D:7)
  A black bear (D:7)
  A lemure (D:4)
  A phantom (D:4)
  A gnoll sergeant (D:8)
  3 scorpions
  A water moccasin zombie (D:4)
  4 wights (D:6)
  6 hounds
  2 jellies
  4 orc priests
  2 sleepcaps
  Ijyb (D:4)
  4 iguanas
  2 orc wizards
  A hound zombie (D:4)
  4 gnolls (D:8)
  8 adders
  A shadow imp (D:8)
  A white imp (D:7)
  4 ufetubi
  3 worms
  4 dart slugs
  17 orcs
  7 ball pythons
  3 endoplasms
  5 giant cockroaches
  12 goblins
  11 hobgoblins
  4 jackals (D:4)
  5 quokkas
  6 bats
  A frilled lizard (D:1)
  3 kobolds
  5 rats
147 creatures vanquished.

Vanquished Creatures (others)
  An orc (D:7)
  6 withered plants (D:4)
7 creatures vanquished.

Grand Total: 154 creatures vanquished

Notes
Turn   | Place    | Note
-------+----------+-------------------------------------------
     0 | D:1      | sampeng1 the Human Berserker began the quest for the Orb.
     0 | D:1      | Reached XP level 1. HP: 18/18 MP: 1/1
    57 | D:1      | Reached XP level 2. HP: 21/24 MP: 2/2
   143 | D:1      | Found Pemuam's Antique Weapon Shoppe.
   228 | D:1      | Reached XP level 3. HP: 28/29 MP: 3/3
   622 | D:2      | Reached ** piety under Trog
   689 | D:2      | Reached XP level 4. HP: 27/35 MP: 4/4
  1790 | D:1      | Bought a runed war axe for 117 gold pieces
  1889 | D:3      | Found a faded altar of an unknown god.
  1972 | D:3      | Reached XP level 5. HP: 42/42 MP: 5/5
  2331 | D:3      | Identified a scroll of acquirement
  2331 | D:3      | Acquired a +3 vampiric executioner's axe
  2346 | D:4      | Noticed Ijyb
  2352 | D:4      | Killed Ijyb
  2407 | D:4      | Reached XP level 6. HP: 48/48 MP: 6/6
  2682 | D:4      | Reached XP level 7. HP: 44/55 MP: 7/7
  2691 | D:4      | Found a staircase to the Ecumenical Temple.
  2693 | D:4      | Noticed Sigmund
  2703 | D:4      | Killed Sigmund
  2718 | D:4      | Noticed Pikel
  2731 | D:4      | Killed Pikel
  2732 | D:4      | Reached skill level 5 in Fighting
  2732 | D:4      | Reached skill level 5 in Axes
  2732 | D:4      | Reached skill level 5 in Armour
  2732 | D:4      | Reached skill level 5 in Dodging
  2732 | D:4      | Reached XP level 8. HP: 40/63 MP: 8/8
  3281 | D:5      | Entered Level 5 of the Dungeon
  3752 | D:6      | Reached *** piety under Trog
  3753 | D:6      | Reached XP level 9. HP: 22/69 MP: 9/9
  4148 | D:6      | Upgraded the game from 0.30-a0-1114-gd936c97349 to
                  | 0.30-a0-1116-gebefce21f7
  4372 | D:6      | Found a bloodstained altar of Trog.
  4372 | D:6      | Found an ornate altar of the Wu Jian Council.
  4372 | D:6      | Found a radiant altar of Vehumet.
  4372 | D:6      | Found a basalt altar of Yredelemnul.
  4393 | D:6      | Found a glowing silver altar of Zin.
  4397 | D:6      | Found a glowing golden altar of the Shining One.
  5016 | D:7      | Upgraded the game from 0.30-a0-1116-gebefce21f7 to
                  | 0.30-a0-1161-g0704695555
  5976 | D:8      | Reached XP level 10. HP: 77/79 MP: 10/10
  6042 | D:8      | Found a runed translucent door.
  6047 | D:8      | Noticed patfeehan111222's ghost (novice DsBe)
  6069 | D:8      | Killed patfeehan111222's ghost
  6092 | D:8      | Identified the +1 mace "Maungoju" {freeze, rC- rN+++ MP+9
                  | SInv}
  6315 | D:8      | Killed from afar by an acid dragon

Illustrated notes

Levels and vault maps discovered:
D:1:      dpeg_arrival_three_same_balls, layout_rooms, serial_shops,
          shop_fountains
D:2:      cheibrodos_greedy_goblins, layout_basic
D:3:      layout_rooms, chequers_ecumenical_altar_island, minivault_26,
          dreamdust_princess_corridor, minmay_box_of_dots
D:4:      nicolae_cairo_tiling, layout_basic, minmay_temple_entry_ruins,
          serial_undead, serial_undead_d, serial_undead_b, serial_undead_b,
          serial_undead_c, uniq_sigmund, uniq_pikel, uniq_ijyb
D:5:      layout_rooms
D:6:      layout_basic, minmay_overflow_temple_hex, serial_rivers,
          chequers_serial_rivers_small_3, chequers_serial_rivers_micro_c,
          chequers_serial_rivers_micro_d, chequers_serial_rivers_room_b
D:7:      layout_loops_corners, chequers_serial_rivers_small_b
D:8:      layout_basic, ebering_ghost_reflecting_pool

Skill      XL: |  1  2  3  4  5  6  7  8  9 10 |
---------------+-------------------------------+-----
Dodging        | 3 5 6 7 |  7.2
Armour         | 3 5 6 7 |  7.1
Fighting       | 4 5 6 7 |  7.5
Axes           | 4 5 6 7 |  7.5

Action                     |  1- 3 |  4- 6 |  7- 9 | 10-12 || total
---------------------------+-------+-------+-------+-------++-------
  Melee: Hand axe          |    92 |    33 |       |       ||   125
         War axe           |       |    39 |       |       ||    39
         Punch             |       |     1 |       |       ||     1
         Executioner's axe |       |    52 |   175 |    34 ||   261
 Invoke: Berserk           |     2 |     4 |     2 |       ||     8
         Trog's Hand       |       |       |     1 |       ||     1
    Use: Scroll            |     1 |    13 |     7 |       ||    21
         Potion            |       |       |     1 |     2 ||     3
   Stab: Sleeping          |     3 |       |       |       ||     3
 Armour: Animal skin       |    19 |       |       |       ||    19
         Chain mail        |    16 |    65 |       |       ||    81
         Ring mail         |       |    35 |   105 |       ||   140
         Plate armour      |       |       |    11 |    22 ||    33
  Dodge: Dodged            |    54 |    74 |   148 |    14 ||   290

Table legend: (Time is in decaauts)
 A = Elapsed time spent in this place.
 B = Non-inter-level travel time spent in this place.
 C = Inter-level travel time spent in this place.
 D = Time resting spent in this place.
 E = Time spent auto-exploring this place.
 F = Levels seen in this place.
 G = Mean time per level.
                   A        B        C        D        E       F      G
               +--------+--------+--------+--------+--------+-----+--------+
         Total |   6578 |   6298 |    280 |    236 |   3399 |   8 |  822.2 |
       Dungeon |   6578 |   6298 |    280 |    236 |   3399 |   8 |  822.2 |
               +--------+--------+--------+--------+--------+-----+--------+

Top non-repeatable levels by time:
     D:7: 1107 daAuts
     D:6: 1106 daAuts
     D:2: 1045 daAuts
     D:4: 1033 daAuts
     D:1: 820 daAuts
     D:3: 543 daAuts
     D:5: 467 daAuts
     D:8: 455 daAuts
